 Dungeon Crawl Stone Soup version 0.28-a0-1613-gdaab1c2f9b (webtiles) character file.

Game seed: 8546298163699567812

424 jlumianski the Chopper (level 6, -1/56 HPs)
             Began as a Hill Orc Fighter on Jan 22, 2022.
             Was a Follower of Beogh.
             Succumbed to a killer bee's poison
             ... on level 4 of the Dungeon.
             The game lasted 00:11:28 (3891 turns).

jlumianski the Chopper (Hill Orc Fighter)           Turns: 3891, Time: 00:11:28

Health: -1/56      AC:  8    Str: 21    XL:     6   Next: 96%
Magic:  6/6        EV:  9    Int:  8    God:    Beogh [*.....]
Gold:   272        SH:  4    Dex: 10    Spells: 5/5 levels left

rFire   + . .      SeeInvis .   a - +1 war axe
rCold   . . .      Faith    .   c - +0 buckler
rNeg    . . .      Spirit   .   b - +0 scale mail
rPois   .          Reflect  .   (no helmet)
rElec   .          Harm     .   (no cloak)
rCorr   .          Rampage  .   m - +0 pair of gloves
Will    .....                   (no boots)
Stlth   ..........              (no amulet)
HPRegen 0.18/turn               h - ring of protection from fire
MPRegen 0.10/turn               (no ring)

@: lethally poisoned (-1 -> -10)
A: no striking features
a: Renounce Religion


You were on level 4 of the Dungeon.
You worshipped Beogh.
Beogh was aware of your devotion.
You visited 1 branch of the dungeon, and saw 6 of its levels.

You collected 272 gold pieces.

Inventory:

Hand Weapons
 a - a +1 war axe (weapon)
 f - a +0 mace of protection
 q - a +0 dagger of venom
Missiles
 g - 41 sling bullets
 l - 6 poisoned darts (quivered)
 n - 8 stones
Armour
 b - a +0 scale mail (worn)
 c - a +0 buckler (worn)
 j - a +2 leather armour of willpower
 m - a +0 pair of gloves (worn)
 s - a +0 chain mail
Jewellery
 h - a ring of protection from fire (left hand)
 o - a ring of ice
Wands
 t - a wand of polymorph (6)
Potions
 d - a potion of might
 k - a potion of haste
 p - a potion of mutation {unknown}


   Skills:
 + Level 5.2 Fighting
 + Level 5.4 Axes
 + Level 0.3 Throwing
 + Level 5.4 Armour
 + Level 0.5 Dodging
 + Level 1.3 Stealth
 + Level 3.8 Shields


You had 5 spell levels left.
You didn't know any spells.
Your spell library contained the following spells:

 Spells                   Type           Power      Damage    Failure   Level
 Gell's Gravitas          Tloc           0%         N/A       99%         3
 Lesser Beckoning         Tloc           0%         N/A       99%         3
 Teleport Other           Tloc           0%         N/A       99%         3


Dungeon Overview and Level Annotations

Branches:
Dungeon (6/15)
 Temple: D:4-7

Altars:
Sif Muna


Message History

The killer bee stings you but does no damage.
The killer bee stings you.
* * * LOW HITPOINT WARNING * * *
Aiming: Polymorph
Press: ? - help, Shift-Dir - straight line, f - killer bee
Aim: a killer bee (will become an acid dragon, a bat, or a steam dragon, chance to affect: 57%)
Okay, then.
Unknown command.
You fade into invisibility!
The killer bee closely misses you. The killer bee barely misses you.
You miss the killer bee. The killer bee closely misses you.
The killer bee stings you.
* * * LOW HITPOINT WARNING * * *
You miss the killer bee.
The killer bee stings you but does no damage.
The killer bee stings you.
* * * LOW HITPOINT WARNING * * *
The killer bee barely misses you.
You miss the killer bee.
The killer bee stings you but does no damage.
The killer bee barely misses you.
You barely miss the killer bee.
The killer bee stings you but does no damage.
You block the killer bee's attack. The killer bee closely misses you.
You miss the killer bee. The killer bee stings you.
* * * LOW HITPOINT WARNING * * *
The killer bee stings you but does no damage.
The killer bee stings you.
* * * LOW HITPOINT WARNING * * *
You block the killer bee's attack. The killer bee closely misses you.
The killer bee stings you.
* * * LOW HITPOINT WARNING * * *
You are lethally poisoned!
The killer bee poisons you!
You see here a poisoned dart.
Your magical effects are unravelling.
You feel magically purged.
You flicker back into view.
You die...

# ..##.
......####
.......@.#
...##.##y#
# #.# #.#
#># #.#
#.# #.#
#.#


You could see a killer bee.

Vanquished Creatures
  A water moccasin (D:5)
  2 killer bees (D:5)
  3 orc priests
  An orc wizard (D:3)
  5 adders
  2 dart slugs
  8 orcs
  4 ball pythons (D:2)
  3 endoplasms (D:2)
  A giant cockroach (D:2)
  3 goblins
  2 hobgoblins
  5 jackals
  2 quokkas (D:1)
  A bat (D:1)
  2 frilled lizards
  3 kobolds
  6 rats
54 creatures vanquished.

Vanquished Creatures (others)
  A kraken (D:1)
  A ghoul (D:1)
  A demonspawn (D:1)
  2 draconians (D:1)
  A vine stalker (D:1)
  A gargoyle (D:1)
  An elf (D:1)
  A troll (D:1)
  A spriggan (D:1)
  An ogre (D:1)
  A tengu (D:1)
  An orc wizard (D:4)
  3 orcs (D:3)
  An endoplasm (D:3)
  2 frilled lizards (D:3)
  2 kobolds (D:3)
  2 rats (D:3)
  6 tentacles (D:1)
29 creatures vanquished.

Grand Total: 83 creatures vanquished

Notes
Turn   | Place    | Note
-------+----------+-------------------------------------------
     0 | D:1      | jlumianski the Hill Orc Fighter began the quest for the
                  | Orb.
     0 | D:1      | Reached XP level 1. HP: 19/19 MP: 1/1
     2 | D:1      | Noticed a draconian
     2 | D:1      | Noticed a draconian
     2 | D:1      | Noticed a ghoul
     2 | D:1      | Noticed a demonspawn
     2 | D:1      | Noticed a demonspawn
     2 | D:1      | Noticed a gargoyle
     2 | D:1      | Noticed a kraken
     2 | D:1      | Noticed a troll
     2 | D:1      | Noticed a vine stalker
     2 | D:1      | Noticed a spriggan
     2 | D:1      | Noticed a minotaur
     2 | D:1      | Noticed a tengu
     2 | D:1      | Noticed an elf
     2 | D:1      | Noticed an ogre
     2 | D:1      | Noticed a vine stalker
     4 | D:1      | Killed an ogre
     4 | D:1      | Killed a tengu
     5 | D:1      | Killed a spriggan
     6 | D:1      | Killed a vine stalker
    10 | D:1      | Killed a troll
    11 | D:1      | Killed an elf
    11 | D:1      | Killed a draconian
    14 | D:1      | Killed a demonspawn
    15 | D:1      | Killed a draconian
    16 | D:1      | Killed a gargoyle
    16 | D:1      | Killed a ghoul
    16 | D:1      | Killed a kraken
   255 | D:2      | Reached XP level 2. HP: 25/27 MP: 2/2
   698 | D:2      | Reached XP level 3. HP: 33/33 MP: 3/3
   916 | D:3      | Found a shimmering blue altar of Sif Muna.
   985 | D:3      | Became a worshipper of Beogh the Brigand
  1186 | D:2      | Reached XP level 4. HP: 37/41 MP: 4/4
  1459 | D:1      | Found a faded altar of an unknown god.
  2451 | D:2      | Reached XP level 5. HP: 31/47 MP: 5/5
  3223 | D:3      | Reached skill level 1 in Stealth
  3420 | D:3      | Reached skill level 5 in Fighting
  3420 | D:3      | Reached XP level 6. HP: 34/56 MP: 6/6
  3544 | D:4      | Reached * piety under Beogh
  3569 | D:5      | Entered Level 5 of the Dungeon
  3642 | D:6      | Noticed a water moccasin
  3662 | D:5      | Killed a water moccasin
  3663 | D:5      | Reached skill level 5 in Axes
  3663 | D:5      | Reached skill level 5 in Armour
  3887 | D:4      | HP: 1/56 [killer bee (4)]
  3891 | D:4      | Succumbed to a killer bee's poison

Illustrated notes

Levels and vault maps discovered:
D:1:      nicolae_arrival_kraken_aquarium_b, layout_loops_ring,
          shapermc_ecumenical_altar_mp_vishouse
D:2:      kb_forest_paths, layout_basic
D:3:      layout_basic, amcnicky_altar_gilded
D:4:      layout_loops_ring, nicolae_dithmenos_shadow_blocks
D:5:      wander_river, layout_loops_corners, uniq_eustachio
D:6:      layout_loops_cross, dk_noncrumbling_3

Skill      XL: |  1  2  3  4  5  6 |
---------------+-------------------+-----
Axes           | 3 4 5 |  5.4
Fighting       | 4 5 |  5.2
Armour         | 4 5 |  5.4
Stealth        | 1 |  1.3
Throwing       | |  0.3
Dodging        | |  0.5
Shields        | |  3.8

Action                   |  1- 3 |  4- 6 || total
-------------------------+-------+-------++-------
Melee: War axe           |    58 |   124 ||   182
Throw: Dart              |       |     7 ||     7
Invok: Convert to Beogh  |     1 |       ||     1
  Use: Scroll            |       |     4 ||     4
       Potion            |       |     5 ||     5
Armor: Scale mail        |    29 |    60 ||    89
Dodge: Dodged            |    31 |    76 ||   107
Block: Buckler           |     9 |    23 ||    32

Table legend: (Time is in decaauts)
 A = Elapsed time spent in this place.
 B = Non-inter-level travel time spent in this place.
 C = Inter-level travel time spent in this place.
 D = Time resting spent in this place.
 E = Time spent auto-exploring this place.
 F = Levels seen in this place.
 G = Mean time per level.
                   A        B        C        D        E       F      G
               +--------+--------+--------+--------+--------+-----+--------+
         Total |   3967 |   3881 |     86 |   1160 |   1771 |   6 |  661.2 |
       Dungeon |   3967 |   3881 |     86 |   1160 |   1771 |   6 |  661.2 |
               +--------+--------+--------+--------+--------+-----+--------+

Top non-repeatable levels by time:
     D:2: 1418 daAuts
     D:3: 1291 daAuts
     D:1: 871 daAuts
     D:5: 241 daAuts
     D:4: 124 daAuts
     D:6: 19 daAuts
